 Dungeon Crawl Stone Soup version 0.27-a0-1245-g940ed4fa31 (webtiles) character file.

Game seed: 7625980161257709766

4320 tsouns the Destroyer (level 10, -12/63 HPs)
             Began as a Demonspawn Fire Elementalist on June 10, 2021.
             Was an Elder of Sif Muna.
             Mangled by a two-headed ogre
             ... wielding a +0 dire flail
              (23 damage)
             ... on level 9 of the Dungeon.
             The game lasted 00:24:35 (10898 turns).

tsouns the Destroyer (DsFE)                        Turns: 10898, Time: 00:24:37

Health: -12/63     AC:  7    Str:  8    XL:     10   Next: 11%
Magic:  17/21      EV: 12    Int: 23    God:    Sif Muna [****..]
Gold:   233        SH:  0    Dex: 15    Spells: 6/24 levels left

rFire    . . .     SeeInvis .   f - +1 falchion (protect)
rCold    . . .     Faith    .   (no shield)
rNeg     + + .     Spirit   .   u - +2 robe {rN+}
rPois    +         Reflect  .   l - +0 helmet
rElec    .         Harm     .   d - +0 cloak
rCorr    .         Rampage  .   (no gloves)
Will     .....                  e - +0 pair of boots
Stlth    ++........             (no amulet)
HPRegen  0.20/turn              i - ring of positive energy
MPRegen  0.17/turn              s - ring of poison resistance

@: no status effects
A: claws 1, ignite blood 2, big brain 2, demonic magic 1
a: Renounce Religion, Channel Magic, Forget Spell, Divine Exegesis


You were on level 9 of the Dungeon.
You worshipped Sif Muna.
Sif Muna was greatly pleased with you.
You visited 1 branch of the dungeon, and saw 10 of its levels.
You also visited: Ossuary.

You collected 440 gold pieces.
You spent 207 gold pieces at shops.

Inventory:

Hand Weapons
 f - a +1 falchion of protection (weapon)
 w - a +1 short sword of flaming
 y - a +2 flail of protection
Missiles
 c - 224 stones
 q - 2 throwing nets
Armour
 d - a +0 cloak (worn)
 e - a +0 pair of boots (worn)
 l - a +0 helmet (worn)
 u - a +2 robe of positive energy (worn)
 B - +0 acid dragon scales
Jewellery
 i - a ring of positive energy (left claw)
 s - a ring of poison resistance (right claw)
Wands
 h - a wand of iceblast (4)
 v - a wand of polymorph (8)
 A - a wand of digging (2)
Scrolls
 a - a scroll of silence {unknown}
 b - 7 scrolls of teleportation
 j - 2 scrolls of enchant weapon
 k - 2 scrolls of torment
 p - a scroll of blinking
 r - a scroll of brand weapon
 x - 3 scrolls of identify
Potions
 g - a potion of might
 m - a potion of mutation
 n - 11 potions of curing
 o - a potion of attraction
 t - a potion of ambrosia
 z - a potion of cancellation


   Skills:
 - Level 1.7 Dodging
 - Level 1.7 Stealth
 + Level 7.9 Spellcasting
 + Level 8.3 Conjurations
 + Level 8.1 Fire Magic
 + Level 4.1 Invocations


You had 6 spell levels left.
You knew the following spells:

 Your Spells              Type           Power      Damage    Failure   Level
a - Foxfire               Conj/Fire      100%       2x1d9     1%          1
b - Conjure Flame         Conj/Fire      47%        6-21      1%          3
c - Sticky Flame          Conj/Fire      47%        2d6       2%          4
d - Fireball              Conj/Fire      23%        3d11      7%          5
e - Inner Flame           Hex/Fire       27%        N/A       4%          3
f - Call Imp              Summ           9%         N/A       11%         2

Your spell library contained the following spells:

 Spells                   Type           Power      Damage    Failure   Level
 Magic Dart               Conj           100%       1d8       1%          1
 Summon Small Mammal      Summ           36%        N/A       7%          1
 Mephitic Cloud           Conj/Pois/Air  21%        N/A       7%          3
 Blink                    Tloc           N/A        N/A       11%         2
 Slow                     Hex            9%         N/A       11%         2
 Call Canine Familiar     Summ           9%         N/A       22%         3
 Summon Guardian Golem    Hex/Summ       9%         N/A       22%         3
 Summon Ice Beast         Ice/Summ       9%         N/A       56%         4
 Summon Lightning Spire   Summ/Air       9%         N/A       56%         4


Dungeon Overview and Level Annotations

Branches:
Dungeon (10/15)            Temple (0/1) D:4         Ossuary (visited)
   Lair: D:8-11         Orc: D:9-12

Altars:
Sif Muna
Zin

Shops:
D:5 *!   D:7 ?   D:8 *

Annotations:
D:6 2 transporters, bmj180's ghost, novice DECj


Innate Abilities, Weirdness & Mutations

You have sharp fingernails.
Your demonic aura often causes spilled blood to erupt in flames.
You have an extremely huge brain. (Int +4)
Spells you cast may paralyse adjacent enemies.


Message History

Aim: a centaur, quivering arrows (lightly wounded, 100% to hit)
The sticky flame hits the centaur.
The centaur is heavily wounded.
The centaur is covered in liquid flames!
Malevolent energies surge around you.
The centaur burns!
The centaur completely misses you. The centaur misses you.
Unknown command.
You hit the centaur.
The centaur is severely wounded.
The centaur burns!
You kill the centaur!
Sif Muna accepts your kill.
Things that are here:
a +0 shortbow; 13 arrows Magic restored.
You open the door.
There is an open door here.
You open the door.
There is an open door here.
A two-headed ogre comes into view.
It is wielding a +0 dire flail and a +0 giant club.
A two-headed ogre is nearby!
The two-headed ogre shouts in stereo!
The two-headed ogre hits you with a +0 dire flail!!
The two-headed ogre hits you with a +0 giant club!!
Unknown command.
The two-headed ogre is engulfed in blazing flames.
Casting: Sticky Flame (dangerous; 2% risk of failure)
Confirm with . or Enter, or press ? or * to list all spells.
Aiming: Sticky Flame (dangerous; 2% risk of failure)
Press: ? - help, Shift-Dir - straight line, f - two-headed ogre
Aim: a two-headed ogre, wielding a +0 dire flail and a +0 giant club (flame, lightly wounded, 100% to hit)
The sticky flame hits the two-headed ogre!
The two-headed ogre is moderately wounded.
The two-headed ogre is covered in liquid flames!
Malevolent energies surge around you.
The two-headed ogre burns!
The two-headed ogre is engulfed in blazing flames.
The two-headed ogre hits you with a +0 dire flail!
* * * LOW HITPOINT WARNING * * *
The two-headed ogre hits you with a +0 giant club!!
You die...

#+##.....#
.........######
.............#
.............#####
#...............
##########...............
#......○##.....##...##...
#......O##.....##...##...
#.....☼.@.......#........
...#######......#........
# #......#...###'#
#......#...#....
#......#...#....
#......#...+....
#......#...#....
############..<. #####


You could see a two-headed ogre (burning).

Vanquished Creatures
  A centaur warrior (D:8)
  Maggie (D:7)
  Sigmund (D:3)
  An acid dragon (D:8)
  Duvessa (D:5)
  2 water moccasins
  An orc warrior (D:8)
  2 ice beasts
  A necrophage (D:5)
  2 ogres
  A phantom (D:4)
  4 centaurs
  A kobold brigand (D:8)
  5 bullfrogs
  Dowan (D:5)
  A water moccasin skeleton (D:7)
  6 killer bees (D:7)
  A howler monkey (D:8)
  4 centaur zombies
  A bullfrog zombie (D:5)
  4 hounds
  2 gnoll shamans (D:8)
  A centaur skeleton (D:7)
  Natasha (twice) (D:3)
  4 iguanas (D:5)
  3 orc wizards
  A killer bee zombie (D:7)
  2 hound skeletons (D:5)
  A howler monkey zombie (D:8)
  4 mummies (Ossuary)
  9 adders
  17 gnolls
  3 ufetubi
  An adder skeleton (D:4)
  2 worms
  5 dart slugs
  20 orcs
  5 ball pythons
  11 bats
  5 endoplasms
  A giant cockroach (D:1)
  10 goblins
  5 hobgoblins
  13 jackals
  4 quokkas
  2 frilled lizards
  4 hobgoblin zombies (Ossuary)
  16 kobolds
  7 rats
202 creatures vanquished.

Vanquished Creatures (others)
  462 foxfires
  A plant (D:3)
463 creatures vanquished.

Grand Total: 665 creatures vanquished

Notes
Turn   | Place    | Note
-------+----------+-------------------------------------------
     0 | D:1      | tsouns the Demonspawn Fire Elementalist began the quest for
                  | the Orb.
     0 | D:1      | Reached XP level 1. HP: 13/13 MP: 3/3
   124 | D:1      | Gained mutation: You have sharp fingernails. [demonic
                  | ancestry]
   124 | D:1      | Reached XP level 2. HP: 19/19 MP: 0/5
   836 | D:1      | Reached XP level 3. HP: 24/24 MP: 3/6
   884 | D:1      | Found a faded altar of an unknown god.
   887 | D:1      | Became a worshipper of Sif Muna the Loreminder
   887 | D:1      | Reached * piety under Sif Muna
  1353 | D:2      | Learned a level 3 spell: Conjure Flame
  1558 | D:2      | Gained mutation: Spells you cast may paralyse adjacent
                  | enemies. [demonic ancestry]
  1558 | D:2      | Reached XP level 4. HP: 30/30 MP: 4/8
  1905 | D:2      | Reached ** piety under Sif Muna
  2065 | D:3      | Learned a level 4 spell: Sticky Flame
  2419 | D:3      | Noticed Natasha
  2436 | D:3      | Killed Natasha
  2721 | D:3      | Reached XP level 5. HP: 35/35 MP: 4/9
  2975 | D:3      | Noticed Sigmund
  2990 | D:3      | You fall into a shaft and drop 2 floors!
  2990 | D:5      | Entered Level 5 of the Dungeon
  3158 | D:5      | Noticed an ogre
  3646 | D:5      | Gained mutation: You have an unusually large brain. (Int
                  | +2) [demonic ancestry]
  3646 | D:5      | Reached XP level 6. HP: 41/41 MP: 5/11
  3742 | D:5      | Found Zin's Purification Station.
  4227 | D:3      | Killed Sigmund
  4492 | D:3      | Gained mutation: Your demonic aura sometimes causes spilled
                  | blood to erupt in flames. [demonic ancestry]
  4492 | D:3      | Reached XP level 7. HP: 46/46 MP: 13/13
  4499 | D:3      | Found a shimmering blue altar of Sif Muna.
  4823 | D:3      | Noticed Natasha
  5021 | D:3      | Killed Natasha
  5135 | D:4      | Reached *** piety under Sif Muna
  5350 | D:4      | Found a staircase to the Ecumenical Temple.
  5356 | D:4      | Reached skill level 5 in Fire Magic
  5903 | D:4      | Reached skill level 5 in Conjurations
  6069 | D:5      | Reached skill level 5 in Spellcasting
  6264 | D:5      | Noticed Duvessa
  6270 | D:5      | Killed Duvessa
  6270 | D:5      | Noticed Dowan
  6271 | D:5      | Gained mutation: You have an extremely huge brain. (Int +4)
                  | [demonic ancestry]
  6271 | D:5      | Reached XP level 8. HP: 52/52 MP: 9/15
  6274 | D:5      | Killed Dowan
  6598 | D:5      | Found Jeahax's Distillery.
  6606 | D:5      | Bought a potion of curing for 39 gold pieces
  6606 | D:5      | Bought a potion of heal wounds for 65 gold pieces
  6606 | D:5      | Bought a potion of degeneration for 13 gold pieces
  6757 | D:5      | Learned a level 5 spell: Fireball
  6761 | D:5      | Learned a level 3 spell: Inner Flame
  6764 | D:5      | Learned a level 2 spell: Call Imp
  6809 | D:6      | Found a sand-covered staircase.
  6816 | Ossuary  | Entered an ossuary
  6876 | Ossuary  | Reached **** piety under Sif Muna
  7086 | D:6      | Found a transporter.
  7089 | D:6      | Noticed bmj180's ghost (novice DECj)
  7094 | D:6      | Noticed a kobold demonologist
  7303 | D:6      | Noticed a two-headed ogre
  7367 | D:6      | Found a transporter.
  7981 | D:7      | You fall into a shaft and drop 3 floors!
  7981 | D:10     | Entered Level 10 of the Dungeon
  8408 | D:7      | Gained mutation: Your demonic aura often causes spilled
                  | blood to erupt in flames. [demonic ancestry]
  8408 | D:7      | Reached XP level 9. HP: 54/57 MP: 8/18
  9024 | D:7      | Noticed Maggie
  9034 | D:7      | Killed Maggie
  9208 | D:7      | Found Xuunwoq's Magic Scroll Shoppe.
  9216 | D:7      | Bought a scroll of identify for 30 gold pieces
  9216 | D:7      | Bought a scroll of identify for 30 gold pieces
  9216 | D:7      | Bought a scroll of identify for 30 gold pieces
  9641 | D:8      | Reached skill level 1 in Invocations
  9858 | D:8      | Found Tuphaifaosm's Assorted Antiques.
 10154 | D:8      | Noticed a centaur warrior
 10180 | D:8      | Killed a centaur warrior
 10181 | D:8      | Reached XP level 10. HP: 28/63 MP: 0/21
 10895 | D:9      | Noticed a two-headed ogre
 10898 | D:9      | Mangled by a two-headed ogre

Illustrated notes

Levels and vault maps discovered:
D:1:      lemuel_arrival_broad_hall, layout_basic,
          shapermc_ecumenical_altar_mp_vishouse
D:2:      layout_rooms, serial_park_tiny_1, kennysheep_generic_room_4
D:3:      layout_loops_corners, lemuel_tele_altar, grunt_decor_clamped,
          minmay_misc_feat_square, serial_bayou_pond_d, grunt_decor_fettered,
          uniq_sigmund, uniq_natasha
D:4:      layout_gridville, minmay_temple_entry_waves
D:5:      layout_gridville, zin_purify, serial_shops, shop, grunt_ministairs_8,
          supply_closet_lemuel, roderic_malta_cross, hangedman_decor_lopped,
          minmay_misc_feat_columns, uniq_duvessa
D:6:      layout_rooms, chequers_ossuary_entry_cave, gammafunk_ghost_arena,
          minivault_27
D:7:      layout_basic, serial_shops, shop, grunt_ministairs_10, uniq_maggie
D:8:      layout_rooms, serial_shops, shop_coins, chequers_jeans,
          grunt_potential
D:9:      layout_gridville
D:10:     layout_roguey, kennysheep_mini_moat, lemuel_crystal_altar,
          dpeg_oklobed_lair, chequers_decorated_corner, nzn_random_ring,
          uniq_nergalle, uniq_psyche, uniq_erica

Skill      XL: |  1  2  3  4  5  6  7  8  9 10 |
---------------+-------------------------------+-----
Fire Magic     | 3 4 5 6 8 |  8.1
Conjurations   | 2 3 4 5 6 8 |  8.3
Spellcasting   | 3 4 5 6 7 |  7.9
Invocations    | 3 4 |  4.1
Dodging        | |  1.7
Stealth        | |  1.7

Action                   |  1- 3 |  4- 6 |  7- 9 | 10-12 || total
-------------------------+-------+-------+-------+-------++-------
Melee: Unarmed           |     4 |       |       |       ||     4
       Spear             |    63 |    84 |       |       ||   147
       Trident           |       |     1 |       |       ||     1
       Falchion          |       |    20 |   166 |     8 ||   194
 Cast: Foxfire           |    45 |    65 |   155 |    16 ||   281
       Sticky Flame      |       |     4 |    24 |     5 ||    33
       Conjure Flame     |       |       |     1 |       ||     1
       Fireball          |       |       |     5 |       ||     5
Evoke: Wand              |       |       |     3 |       ||     3
  Use: Potion            |       |     6 |     3 |     1 ||    10
       Scroll            |       |       |    11 |       ||    11
 Stab: Sleeping          |     3 |     2 |     5 |       ||    10
       Paralysed         |       |     6 |    16 |       ||    22
Armor: Robe              |    13 |    29 |   109 |     7 ||   158
       Skin              |       |       |     1 |       ||     1
Dodge: Dodged            |    43 |    90 |   178 |    23 ||   334
       Rpst.: Falchion   |       |     8 |    51 |     4 ||    63

Table legend: (Time is in decaauts)
 A = Elapsed time spent in this place.
 B = Non-inter-level travel time spent in this place.
 C = Inter-level travel time spent in this place.
 D = Time resting spent in this place.
 E = Time spent auto-exploring this place.
 F = Levels seen in this place.
 G = Mean time per level.
                   A        B        C        D        E       F      G
               +--------+--------+--------+--------+--------+-----+--------+
         Total |  10977 |  10745 |    232 |      0 |   8944 |  11 |  997.9 |
       Dungeon |  10734 |  10502 |    232 |      0 |   8769 |  10 | 1073.4 |
       Ossuary |    243 |    243 |      0 |      0 |    175 |   1 |  243.0 |
               +--------+--------+--------+--------+--------+-----+--------+

Top non-repeatable levels by time:
     D:7: 1916 daAuts
     D:5: 1858 daAuts
     D:3: 1619 daAuts
     D:1: 1343 daAuts
     D:8: 1251 daAuts
     D:2: 1025 daAuts
     D:4: 974 daAuts
     D:6: 579 daAuts
 Ossuary: 243 daAuts
     D:9: 150 daAuts
    D:10: 14 daAuts
